 Dungeon Crawl Stone Soup version 0.18-a0-946-g3ac5b32 (webtiles) character file.

1010 filipzpl the Chopper (level 8, -5/73 HPs)
             Began as a Minotaur Fighter on Dec 29, 2015.
             Slain by an ogre
             ... wielding a +0 giant club
              (20 damage)
             ... on level 5 of the Dungeon.
             The game lasted 00:09:19 (3463 turns).

filipzpl the Chopper (Minotaur Fighter)             Turns: 3463, Time: 00:09:19

Health: -5/73      AC:  7    Str: 23      XL:     8   Next: 1%
Magic:  7/7        EV:  7    Int:  5      God:
Gold:   215        SH:  9    Dex:  7 (10) Spells: 0 memorised, 7 levels left

rFire  x . .     SeeInvis .     a - +0 war axe
rCold  + . .     Gourm    .     b - +0 scale mail
rNeg   . . .     Faith    .     c - +0 shield
rPois  .         Spirit   .     (helmet unavailable)
rElec  .         Dismiss  .     (no cloak)
rCorr  +         Reflect  .     (no gloves)
SustAt .         Harm     .     (no boots)
MR     +....                    l - amulet of resist corrosion
Stlth  ..........               (no ring)
                                q - ring of ice

@: somewhat resistant to hostile enchantments, extremely unstealthy
A: retaliatory headbutt, horns 3, deterioration 1, magic resistance 1
a: no special abilities


You were on level 5 of the Dungeon.
You were very hungry.

You visited 1 branch of the dungeon, and saw 5 of its levels.

You collected 215 gold pieces.

Inventory:

Hand Weapons
 a - a +0 war axe (weapon)
Armour
 b - a +0 scale mail (worn)
 c - a +0 shield (worn)
 t - a +0 shield of protection
Jewellery
 l - an amulet of resist corrosion (around neck)
 m - a +4 ring of dexterity {unknown}
 n - an uncursed ring of protection from cold {unknown}
 q - a ring of ice (left hand)
Wands
 i - a wand of magic darts (22/48)
 r - a wand of confusion (48/48)
 z - a wand of frost (30/48)
Scrolls
 j - 3 scrolls of teleportation
 p - 5 scrolls of remove curse
 s - a scroll of identify
Potions
 d - 3 potions of might
 e - 3 potions of heal wounds
 f - a potion of curing
 h - a potion of brilliance {unknown}
 k - a potion of poison {unknown}
Books
 u - a book of Minor Magic

   Spells                             Type                      Level
   a - Magic Dart                     Conjuration                  1
   b - Blink                          Translocation                2
   c - Call Imp                       Summoning                    2
   d - Repel Missiles                 Charms/Air                   2
   e - Slow                           Hexes                        2
   f - Conjure Flame                  Conjuration/Fire             3
   g - Mephitic Cloud                 Conjuration/Poison/Air       3
Comestibles
 g - 4 meat rations
 o - a beef jerky
 v - a bread ration
 x - a royal jelly
 A - 2 slices of pizza


   Skills:
 * Level 7.5 Fighting
 * Level 7.6 Axes
 + Level 6.2 Armour
 - Level 3.6 Shields


You had 7 spell levels left.
You didn't know any spells.

Dungeon Overview and Level Annotations

Branches:
Dungeon (5/15)
 Temple: D:4-7

Altars:
Cheibriados
Gozag
Nemelex Xobeh
Qazlal
Ru
The Shining One


Innate Abilities, Weirdness & Mutations

You reflexively headbutt those who attack you in melee.
You have a pair of large horns on your head.
Your body sometimes deteriorates upon taking damage.
You are resistant to hostile enchantments.


Message History

Unknown command.
You hit the ogre.
The ogre is heavily wounded.
You block the worker ant's attack.
You hit the ogre but do no damage.
The ogre is heavily wounded.
You slash the worker ant!
The worker ant is severely wounded.
The ogre closely misses you. The worker ant closely misses you.
You block the ogre's attack.
You completely miss the ogre.
The ogre is heavily wounded.
You slash the worker ant!
You kill the worker ant!
You have reached level 8!
You feel agile.
You hit the ogre.
The ogre is severely wounded.
The ogre hits you with a giant club!!
You die...

##.............## .#
##..########...# #.#
#..# ##... #.# #..###
##... #.##
#....######...#
#...####.....>......##
#....#.............#
#.O...###########..#
#..@.## #..# #.†..#
#..# $.....## ##.#
#......## .. #.....# .
#..... .....$ .##...


You could see an ogre.

Vanquished Creatures
  Sigmund (D:3)
  The ghost of filipzpl the Skirmisher, an amateur MiFi (D:3)
  Eustachio (D:4)
  A hippogriff (D:3)
  A hound (D:5)
  An orc priest (D:4)
  2 worker ants
  2 orc wizards
  An iguana (D:4)
  A mummy (D:4)
  Robin (D:4)
  3 gnolls (D:3)
  9 adders
  3 oozes (D:3)
  2 worms
  3 giant geckos
  8 orcs
  10 bats
  3 giant cockroaches
  19 goblins
  8 hobgoblins
  A jackal (D:2)
  6 ball pythons
  5 giant newts
  A goblin zombie (D:4)
  10 kobolds
  A kobold zombie (D:4)
  A quokka (D:3)
  10 rats
116 creatures vanquished.

Notes
Turn   | Place    | Note
--------------------------------------------------------------
     0 | D:1      | filipzpl the Minotaur Fighter began the quest for the Orb.
     0 | D:1      | Reached XP level 1. HP: 19/19 MP: 0/0
     0 | D:1      | Noticed an orb of fire
     2 | D:1      | Noticed a golden dragon
     2 | D:1      | Noticed an iron dragon
     4 | D:1      | Noticed an orb of fire
     5 | D:1      | Noticed an ice dragon
     6 | D:1      | Noticed an orb of fire
     8 | D:1      | Noticed a tentacled monstrosity
    10 | D:1      | Noticed a tentacled monstrosity
    14 | D:1      | Noticed an ice dragon
    14 | D:1      | Noticed an iron dragon
    16 | D:1      | Noticed a large abomination
    16 | D:1      | Noticed an orb of fire
    18 | D:1      | Noticed a shadow dragon
    18 | D:1      | Noticed an ice dragon
    22 | D:1      | Noticed a white draconian
   253 | D:1      | Reached XP level 2. HP: 27/27 MP: 1/1
   335 | D:1      | Reached skill level 4 in Fighting
   648 | D:1      | Reached XP level 3. HP: 32/34 MP: 2/2
  1243 | D:2      | Found a sparkling altar of Nemelex Xobeh.
  1244 | D:2      | Found an opulent altar of Gozag.
  1303 | D:3      | Reached XP level 4. HP: 41/41 MP: 3/3
  1382 | D:3      | Reached skill level 5 in Fighting
  1427 | D:3      | Reached XP level 5. HP: 34/48 MP: 4/4
  1533 | D:3      | Noticed Sigmund
  1547 | D:3      | Killed Sigmund
  1547 | D:3      | Reached skill level 5 in Axes
  1547 | D:3      | Reached skill level 5 in Armour
  1547 | D:3      | Reached XP level 6. HP: 14/57 MP: 5/5
  1835 | D:3      | Noticed filipzpl's ghost (amateur MiFi)
  1847 | D:3      | Killed filipzpl's ghost
  1847 | D:3      | Reached skill level 6 in Fighting
  2160 | D:3      | Reached XP level 7. HP: 61/64 MP: 6/6
  2187 | D:3      | Found a glowing golden altar of the Shining One.
  2187 | D:3      | Found a stormy altar of Qazlal.
  2344 | D:3      | Found a sacrificial altar of Ru.
  2425 | D:3      | Gained mutation: You are resistant to hostile enchantments. [potion of mutation]
  2425 | D:3      | Gained mutation: Your body sometimes deteriorates upon taking damage. [potion of mutation]
  2425 | D:3      | Gained mutation: You have a pair of large horns on your head. [potion of mutation]
  2661 | D:4      | Noticed Robin
  2677 | D:4      | Killed Robin
  2792 | D:4      | Noticed Eustachio
  2826 | D:4      | Killed Eustachio
  2826 | D:4      | Reached skill level 7 in Fighting
  2962 | D:4      | Found a snail-covered altar of Cheibriados.
  3038 | D:4      | Found a sand-covered staircase.
  3416 | D:5      | Entered Level 5 of the Dungeon
  3462 | D:5      | Reached XP level 8. HP: 15/73 MP: 7/7
  3463 | D:5      | Slain by an ogre

Vault maps used:
D:1:      shiori_arrival_whats_in_store_for_you, minmay_misc_feat_encased,
          minmay_cupped
D:2:      kennysheep_six_static_rooms, grunt_temple_overflow_opulence
D:3:      marbit_many_paths, gammafunk_temple_overflow_statue,
          serial_bayou_pond_d, minivault_25, uniq_sigmund
D:4:      lemuel_doored_altar, nicolae_ossuary_entry_giza, uniq_robin,
          uniq_eustachio
D:5:      kennysheep_mini, first_bread, uniq_edmund

Action                   |  1- 3 |  4- 6 |  7- 9 || total
-------------------------+-------+-------+-------++-------
Melee: War axe           |   105 |    94 |    88 ||   287
  Use: Scroll            |       |       |    12 ||    12
       Potion            |       |       |     9 ||     9
  Eat: Chunk             |       |     2 |     2 ||     4
       Bread ration      |       |     1 |       ||     1
